 Dungeon Crawl Stone Soup version 0.26.0-10-g1f06aea511 (webtiles) character file.

Game seed: 15709744271249105923

322 Borgoz the Slasher (level 6, -3/52 HPs)
             Began as a Ghoul Gladiator on Jan 18, 2021.
             Killed from afar by an orc wizard (6 damage)
             ... with a magic dart
             ... on level 4 of the Dungeon.
             The game lasted 00:04:33 (2753 turns).

Borgoz the Slasher (Ghoul Gladiator)                Turns: 2753, Time: 00:04:33

Health: -3/52      AC:  7    Str: 18    XL:     6   Next: 47%
Magic:  5/5        EV: 12    Int:  3    God:
Gold:   155        SH:  0    Dex: 12    Spells: 5/5 levels left

rFire    . . .     SeeInvis .   a - +1 long sword
rCold    + . .     Faith    .   (no shield)
rNeg     + + +     Spirit   .   g - +0 ring mail
rPois    ∞         Reflect  .   c - +0 helmet
rElec    .         Harm     .   (no cloak)
rCorr    .         Rampage  .   f - +0 pair of gloves
Will     .....                  (no boots)
Stlth    ..........             (no amulet)
HPRegen  0.00/turn              (no ring)
MPRegen  0.09/turn              (no ring)

@: confused, brilliant, hasted, very quick
A: claws 1, cold resistance 1, negative energy resistance 3, inhibited
regeneration, torment resistance, unbreathing
a: no special abilities


You were on level 4 of the Dungeon.
You visited 1 branch of the dungeon, and saw 4 of its levels.

You collected 155 gold pieces.

Inventory:

Hand Weapons
 a - a +1 long sword (weapon)
Armour
 c - a +0 helmet (worn)
 f - a +0 pair of gloves (worn)
 g - a +0 ring mail (worn)
Wands
 b - a wand of disintegration (8)
Scrolls
 h - a scroll of enchant armour {unknown}
 k - 2 scrolls of teleportation
 l - 3 scrolls of remove curse
 m - a scroll of fog
Potions
 e - 2 potions of flight


   Skills:
 + Level 3.8 Fighting
 * Level 4.5 Long Blades
 - Level 1.7 Throwing
 + Level 2.3 Armour
 + Level 3.6 Dodging


You had 5 spell levels left.
You didn't know any spells.
Your spell library was empty.

Dungeon Overview and Level Annotations

Branches:
Dungeon (4/15)
 Temple: D:4-7

Altars:
Cheibriados
Dithmenos
Gozag
Hepliaklqana
Kikubaaqudgha
Ru
Uskayaw
Vehumet
Yredelemnul

Annotations:
D:2 Sigmund
D:3 Robin


Innate Abilities, Weirdness & Mutations

You thrive by killing the living.
You are immune to poison.
You have sharp fingernails.
Your flesh is cold resistant. (rC+)
You are immune to negative energy. (rN+++)
You do not regenerate when monsters are visible.
You are immune to unholy pain and torment.
You can survive without breathing.


Message History

* * * LOW HITPOINT WARNING * * *
The worker ant bites you.
* * * LOW HITPOINT WARNING * * *
You feel yourself speed up. The worker ant barely misses you.
Found a stone staircase leading down.
An orc wizard comes into view. It is wielding a +0 dagger.
An orc comes into view. It is wielding a +0 flail.
The orc shouts!
An orc comes into view.
An orc comes into view.
The orc shouts! x2; You hear a shout!
An orc comes into view. It is wielding a +0 club.
The orc wizard gestures at you while chanting.
You are confused.
You bump into the rock wall.
The worker ant waves its antennae.
The worker ant closely misses you. The orc wizard casts a spell at you.
The magic dart hits you.
You die...

#.# #.# ###.# ....
.#.####.#####
...........<#
..####.#####
##)###### #
#..@....# .#
#...B...###'####
#......oo)o.....
#...?..o........
#.........o.....
#.(.............
#.#.......###.####
#.........# #
##........#


You could see a worker ant, an orc wizard and 4 orcs.

Vanquished Creatures
  An ogre (D:4)
  A jelly (D:3)
  4 gnolls (D:3)
  4 adders
  An ooze (D:1)
  4 worms
  3 dart slugs
  2 leopard geckos
  9 orcs (D:3)
  4 giant cockroaches
  12 goblins
  9 hobgoblins
  14 jackals (D:3)
  4 kobolds
  A quokka (D:3)
  4 ball pythons
  8 bats
  7 frilled lizards
  9 rats
101 creatures vanquished.

Notes
Turn   | Place    | Note
-------+----------+-------------------------------------------
     0 | D:1      | Borgoz the Ghoul Gladiator began the quest for the Orb.
     0 | D:1      | Reached XP level 1. HP: 17/17 MP: 0/0
   141 | D:1      | Reached XP level 2. HP: 25/25 MP: 1/1
   146 | D:1      | Reached skill level 3 in Long Blades
   428 | D:1      | Reached XP level 3. HP: 29/30 MP: 2/2
   705 | D:2      | Reached skill level 1 in Armour
   795 | D:2      | Found a radiant altar of Vehumet.
   882 | D:2      | Found an ancient bone altar of Kikubaaqudgha.
   882 | D:2      | Found an opulent altar of Gozag.
   882 | D:2      | Found a hazy altar of Hepliaklqana.
   882 | D:2      | Found a sacrificial altar of Ru.
   909 | D:2      | Reached XP level 4. HP: 28/37 MP: 3/3
   980 | D:2      | Found a hide-covered altar of Uskayaw.
   984 | D:2      | Found a shadowy altar of Dithmenos.
  1012 | D:2      | Found a snail-covered altar of Cheibriados.
  1160 | D:2      | Noticed Sigmund
  1360 | D:3      | Reached XP level 5. HP: 31/45 MP: 4/4
  1486 | D:3      | Found a basalt altar of Yredelemnul.
  1820 | D:3      | Reached skill level 4 in Long Blades
  2448 | D:3      | Reached XP level 6. HP: 51/51 MP: 5/5
  2584 | D:3      | Noticed Robin
  2753 | D:4      | Killed from afar by an orc wizard

Illustrated notes

Levels and vault maps discovered:
D:1:      scummos_arrival_hexagon, layout_rooms, minmay_misc_feat_ornament
D:2:      kennysheep_big_flooded_room, layout_rooms, general_overflow_altar,
          kennysheep_slug_shrine, minmay_overflow_temple_hex, uniq_sigmund
D:3:      layout_rooms, nicolae_overflow_hidden_temple, uniq_robin
D:4:      layout_basic, tgw_trog, hangedman_decor_push

Skill      XL: |  1  2  3  4  5 |
---------------+----------------+-----
Long Blades    | 3 4 |  4.5
Dodging        | 3 |  3.6
Armour         | 1 2 |  2.3
Fighting       | 3 |  3.8
Throwing       | |  1.7

Action                   |  1- 3 |  4- 6 || total
-------------------------+-------+-------++-------
Melee: Long sword        |   116 |   195 ||   311
Throw: Throwing net      |       |     4 ||     4
  Use: Scroll            |     4 |     5 ||     9
       Potion            |       |     5 ||     5
 Stab: Held in net/web   |       |     1 ||     1
Armor: Leather armour    |    63 |    17 ||    80
       Ring mail         |       |    73 ||    73
Dodge: Dodged            |   114 |   176 ||   290
       Rpst.: Long sword |    38 |    57 ||    95
